 Dungeon Crawl Stone Soup version 0.18.1-8-gdd0e5ea (webtiles) character file.

55867 vale the Cruncher (level 14, -6/118 HPs)
             Began as a Ghoul Wizard on June 8, 2016.
             Was a High Priest of Kikubaaqudgha.
             Killed from afar by an acid blob (19 damage)
             ... with a splash of acid
             ... on level 6 of the Lair of Beasts.
             The game lasted 01:52:48 (40961 turns).

vale the Cruncher (Ghoul Wizard)                   Turns: 40961, Time: 01:52:49

Health: -6/118     AC:  1    Str: 12    XL:     14   Next: 79%
Magic:  24/24      EV: 10    Int: 17    God:    Kikubaaqudgha [*****.]
Gold:   1209       SH:  0    Dex:  7    Spells: 10 memorised, 3 levels left

rFire  . . .     SeeInvis .     a - +2 lajatang
rCold  + . .     Gourm    .     u - +2 ring mail {rPois}
rNeg   + + +     Faith    .     (shield currently unavailable)
rPois  ∞         Spirit   .     K - +2 hat
rElec  .         Dismiss  .     (no cloak)
rCorr  .         Reflect  .     H - +2 pair of gloves
SustAt .         Harm     .     F - +0 pair of boots
MR     +....                    (no amulet)
Stlth  ++........               L - +5 ring of protection
                                p - ring of wizardry

@: corroded, very slightly contaminated, rotting, somewhat resistant to hostile
enchantments, unstealthy
A: rotting body, claws 1, carnivore 3, cold resistance 1, negative energy
resistance 3, slow regeneration 1, torment resistance, unbreathing
a: Receive Corpses, Torment, Renounce Religion


You were on level 6 of the Lair of Beasts.
You worshipped Kikubaaqudgha.
Kikubaaqudgha was extremely pleased with you.
You were not hungry.

You visited 3 branches of the dungeon, and saw 20 of its levels.

You collected 1209 gold pieces.

Inventory:

Hand Weapons
 a - a +2 lajatang (weapon)
 b - a +0 quarterstaff
Missiles
 w - 5 throwing nets (quivered)
Armour
 u - a +2 ring mail of poison resistance (worn)
 F - a +0 pair of boots (worn)
 H - a +2 pair of gloves (worn)
 K - a +2 hat (worn)
Jewellery
 f - an uncursed ring of ice
 p - a ring of wizardry (left hand)
 C - an uncursed ring of fire {unknown}
 G - an uncursed ring of protection from fire
 L - a +5 ring of protection (right hand)
Wands
 h - a wand of disintegration (16/24)
 n - a wand of iceblast (3/15)
 B - a wand of enslavement (13/24)
 J - a wand of iceblast (7/15)
 M - a wand of confusion (12/48)
 P - a wand of iceblast (7/15)
Scrolls
 g - 3 scrolls of magic mapping
 j - 7 scrolls of remove curse
 l - 2 scrolls of immolation
 o - a scroll of recharging
 t - 5 scrolls of identify
 v - a scroll of summoning
 y - 8 scrolls of teleportation
 E - 3 scrolls of fear
 N - 2 scrolls of fog
Potions
 i - 2 potions of heal wounds
 m - 2 potions of ambrosia {unknown}
 q - 5 potions of curing
 r - a potion of haste
 x - a potion of resistance
 A - a potion of magic
Books
 k - a book of Air

   Spells                             Type                      Level
   a - Shock                          Conjuration/Air              1
   b - Swiftness                      Charms/Air                   2
   c - Repel Missiles                 Charms/Air                   2
   d - Static Discharge               Conjuration/Air              3
   e - Lightning Bolt                 Conjuration/Air              5
Miscellaneous
 e - an ornate deck of defence {drawn: 2}
 z - a fan of gales
Comestibles
 d - 12 meat rations {@e2}
 s - 10 beef jerkies


   Skills:
 - Level 9.0 Fighting
 * Level 13.7 Staves
 + Level 9.6 Armour
 - Level 1.7 Dodging
 - Level 5.9 Stealth
 - Level 7.9 Spellcasting
 - Level 7.7 Conjurations
 - Level 0.8 Summonings
 + Level 8.7 Necromancy
 - Level 0.8 Translocations


You had 3 spell levels left.
You knew the following spells:

 Your Spells              Type           Power        Failure   Level  Hunger
a - Magic Dart            Conj           ####         1%          1    None
c - Conjure Flame         Conj/Fire      ###.....     6%          3    #......
d - Mephitic Cloud        Conj/Pois/Air  ###.....     9%          3    #......
e - Call Imp              Summ           #.......     10%         2    None
f - Repel Missiles        Chrm/Air       #.....       16%         2    None
i - Agony                 Necr           #####...     7%          5    #####..
n - Animate Skeleton      Necr           N/A          1%          1    None
o - Slow                  Hex            #.......     16%         2    None
p - Blink                 Tloc           N/A          10%         2    None
t - Passage of Golubria   Tloc           N/A          77%         4    ###....


Dungeon Overview and Level Annotations

Branches:
Dungeon (11/15)            Temple (1/1) D:4            Lair (8/8) D:11
 Shoals (0/4) Lair:6        Snake (0/4) Lair:6        Slime (0/6) Lair:7
    Orc (0/2) D:10

Altars:
Ashenzari
Cheibriados
Dithmenos
Elyvilon
Fedhas
Gozag
Kikubaaqudgha
Makhleb
Nemelex Xobeh
Okawaru
Pakellas
Qazlal
Ru
Sif Muna
Trog
Vehumet
Xom
Yredelemnul
Zin
The Shining One
Jiyva

Shops:
D:6 (   D:8 }

Annotations:
D:7 exclusion: slave
Lair:3 exclusion: hydra
Lair:8 exclusion: hydra


Innate Abilities, Weirdness & Mutations

Your body is rotting away.
You thrive on raw meat.
You are immune to poison.
You have sharp fingernails.
You are carnivorous and can eat meat at any time.
Your flesh is cold resistant.
You are immune to negative energy.
You regenerate slowly when monsters are visible.
You are immune to unholy pain and torment.
You can survive without breathing.


Message History

You take 16 damage, and have 51/118 hp.
You hit the acid blob but do no damage.
Your hands burn!
* * * LOW HITPOINT WARNING * * *
The acid blob hits you!!
* * * LOW HITPOINT WARNING * * *
You are splashed with acid!
The acid corrodes you!
The acid burns!
* * * LOW HITPOINT WARNING * * *
You take 39 damage, and have 12/118 hp.
MASSIVE DAMAGE!!
Unknown command.
Read which item? (? for menu, Esc to quit)
Okay, then.
Unknown command.
Read which item? (? for menu, Esc to quit)
Blink to where?
You are very lightly contaminated with residual magic.
As you read the scroll of blinking, it crumbles to dust.
The acid blob spits acid at you. The splash of acid hits you!
You die...
Kikubaaqudgha rasps: "You have failed me!
Welcome... oblivion!"

.....# ##..<.#..P....#.)..P...#..
....#####.....#P....###...#P#####
......#......#.PP...P#P...###
..........................#
.....................#....#######
..........................##...#P
...........................P.....
.................................
................@.....#..........
.......#.........#P.#........#..#
##P...#.#......(P##.###.....#.#..
##.............#####............
#P......#......# ####.......##
##..............########.......##
................P##..........#.##
###......J.....................##
##.....r....#............PP.P...


You could see an acid blob.

Vanquished Creatures
  Kirke (Lair:5)
  Maud (Lair:4)
  2 hydras
  The ghost of sikrin the Destroyer, a journeyman HECj of Vehumet (Lair:1)
  A catoblepas (Lair:7)
  10 death yaks
  Urug (Lair:3)
  4 hill giants (D:10)
  A manticore (Lair:8)
  An ugly thing (D:11)
  A griffon (Lair:7)
  3 black mambas
  11 elephants
  17 spiny frogs
  6 komodo dragons
  3 rime drakes
  2 trolls
  2 two-headed ogres
  Grinder (D:4)
  Prince Ribbit (D:6)
  18 blink frogs
  3 wyverns
  A water elemental (D:11)
  Eustachio (D:6)
  A basilisk (Lair:2)
  35 yaks
  6 hippogriffs
  A hungry ghost (D:7)
  2 mottled dragons (Lair:8)
  3 nagas (Lair:6)
  8 water moccasins
  Menkaure (D:6)
  19 porcupines
  3 ice beasts
  2 orc warriors
  A wasp (D:10)
  3 sky beasts
  A necrophage (D:8)
  6 ogres
  A phantom (D:11)
  7 wolves
  5 black bears
  6 centaurs
  28 crocodiles
  18 giant frogs
  Blork the orc (D:6)
  2 wyvern zombies
  4 scorpions
  3 wights
  13 killer bees
  A howler monkey (D:4)
  2 electric eels (Lair:1)
  7 crimson imps
  2 giant frog zombies
  9 hounds
  2 human zombies (D:11)
  2 jellies
  A gnoll shaman (D:4)
  5 orc priests
  12 orc wizards
  2 centaur skeletons
  14 iguanas
  10 worker ants
  Natasha (thrice) (D:4)
  7 sheep (Lair:7)
  A hound zombie (D:7)
  3 hound skeletons
  2 howler monkey zombies
  11 gnolls
  2 worker ant zombies
  8 adders
  60 river rats
  2 shadow imps
  An ooze (D:5)
  2 adder skeletons
  4 dart slugs
  8 giant geckos
  25 orcs
  4 giant cockroaches
  10 goblins
  8 hobgoblins
  12 jackals
  10 kobolds
  8 quokkas
  A ball python (D:7)
  5 bats
  9 giant newts
  11 rats
559 creatures vanquished.

Vanquished Creatures (collateral kills)
  A hydra (Lair:8)
  2 death yaks (Lair:7)
  A griffon (Lair:8)
  4 elephants (Lair:7)
  2 spiny frogs (Lair:8)
  2 rime drakes (Lair:8)
  A komodo dragon (Lair:6)
  3 blink frogs
  6 yaks
  A basilisk (Lair:8)
  2 steam dragons (Lair:8)
  2 hippogriffs
  A naga (Lair:6)
  3 water moccasins
  A porcupine (Lair:1)
  An orc warrior (D:7)
  2 centaurs (D:11)
  A wolf (Lair:4)
  An ogre (D:4)
  5 crocodiles
  A giant frog (Lair:6)
  A killer bee (D:11)
  A wight (D:8)
  An orc priest (D:3)
  3 iguanas
  A sheep (Lair:7)
  2 adders (D:3)
  2 gnolls
  14 river rats
  2 worms
  4 orcs
  A hobgoblin (D:1)
  2 jackals (D:1)
  A giant newt (Lair:5)
  A fungus (Lair:6)
  2 plants
81 creatures vanquished.

Vanquished Creatures (others)
  A black mamba (Lair:8)
  3 humans (Lair:5)
  A hippogriff (Lair:7)
  An ogre (D:7)
  A crocodile (Lair:5)
  A killer bee (D:11)
  2 iguanas (Lair:5)
  A river rat (Lair:7)
  A giant newt (Lair:5)
  79 fungi
  60 plants
151 creatures vanquished.

Grand Total: 791 creatures vanquished

Notes
Turn   | Place    | Note
--------------------------------------------------------------
     0 | D:1      | vale the Ghoul Wizard began the quest for the Orb.
     0 | D:1      | Reached XP level 1. HP: 14/14 MP: 3/3
    34 | D:1      | Reached skill level 1 in Conjurations
   672 | D:2      | Reached XP level 2. HP: 20/20 MP: 0/4
   729 | D:2      | Found a shattered altar of Ashenzari.
   854 | D:2      | Learned a level 2 spell: Blink
   857 | D:2      | Learned a level 2 spell: Call Imp
  1444 | D:1      | Reached XP level 3. HP: 26/26 MP: 0/6
  3042 | D:2      | Found a sparkling altar of Nemelex Xobeh.
  3094 | D:2      | Reached XP level 4. HP: 31/33 MP: 0/7
  3299 | D:2      | Found a shadowy altar of Dithmenos.
  3299 | D:2      | Found an opulent altar of Gozag.
  3596 | D:3      | Found a stormy altar of Qazlal.
  4092 | D:3      | Found a radiant altar of Vehumet.
  4406 | D:3      | Found a white marble altar of Elyvilon.
  4562 | D:2      | Reached XP level 5. HP: 34/38 MP: 4/9
  4617 | D:3      | Learned a level 3 spell: Mephitic Cloud
  4621 | D:3      | Learned a level 3 spell: Conjure Flame
  4812 | D:3      | Found an oddly glowing altar of Pakellas.
  4812 | D:3      | Noticed an ice dragon
  4873 | D:3      | Found an iron altar of Okawaru.
  6545 | D:4      | Reached XP level 6. HP: 45/45 MP: 4/11
  6908 | D:4      | Noticed Natasha
  6913 | D:4      | Killed Natasha
  6924 | D:4      | Noticed Grinder
  6943 | D:5      | Entered Level 5 of the Dungeon
  7206 | D:5      | Reached XP level 7. HP: 50/50 MP: 1/12
  7312 | D:5      | Reached skill level 5 in Conjurations
  7405 | D:5      | Found a glowing silver altar of Zin.
  7769 | D:5      | Learned a level 2 spell: Repel Missiles
  8874 | D:5      | Reached XP level 8. HP: 51/57 MP: 3/13
  9468 | D:6      | Noticed Blork the orc
  9864 | D:6      | Found Hunaoph's Antique Weapon Shop.
  9868 | D:6      | Noticed Menkaure
 10058 | D:6      | Found a stormy altar of Qazlal.
 10138 | D:6      | Found a blossoming altar of Fedhas.
 10139 | D:6      | Noticed Prince Ribbit
 10164 | D:6      | Killed Blork the orc
 10754 | D:7      | Reached skill level 1 in Fighting
 11998 | D:7      | Reached skill level 5 in Fighting
 11998 | D:7      | Reached XP level 9. HP: 69/73 MP: 0/14
 12469 | D:8      | Found a glowing golden altar of the Shining One.
 13115 | D:8      | Found Vuikh's Quality Used Wands.
 13859 | D:8      | Learned a level 2 spell: Slow
 14323 | D:9      | Noticed a two-headed ogre
 14338 | D:9      | Killed a two-headed ogre
 14338 | D:9      | Reached skill level 5 in Spellcasting
 14345 | D:9      | that was risky
 15191 | D:9      | Reached XP level 10. HP: 77/89 MP: 2/17
 15855 | D:6      | Killed Prince Ribbit
 15879 | D:6      | Killed Menkaure
 16044 | D:6      | Noticed Eustachio
 16084 | D:6      | Killed Eustachio
 16166 | D:4      | Paralysed by Grinder for 4 turns
 16297 | D:4      | Killed Grinder
 16734 | D:4      | Noticed Natasha
 16753 | D:4      | Killed Natasha
 17126 | D:4      | Noticed Natasha
 17145 | D:4      | Killed Natasha
 17158 | D:4      | Found a staircase to the Ecumenical Temple.
 17167 | Temple   | Entered the Ecumenical Temple
 17309 | Temple   | Became a worshipper of Kikubaaqudgha
 17771 | D:9      | Reached skill level 5 in Stealth
 18218 | D:9      | Found a sacrificial altar of Ru.
 18739 | D:9      | Found a burning altar of Makhleb.
 19016 | D:10     | Entered Level 10 of the Dungeon
 19082 | D:10     | Reached skill level 1 in Staves
 19181 | D:10     | Found a shimmering altar of Xom.
 19345 | D:10     | Got a pitted scimitar
 19346 | D:10     | Identified the +10 scimitar of the Viper {drain, MP+9 Int+4 Stlth+} (You found it on level 10 of the Dungeon)
 19483 | D:10     | Reached skill level 2 in Staves
 19583 | D:10     | Found a staircase to the Orcish Mines.
 19647 | D:10     | Noticed a hill giant
 19673 | D:10     | Noticed a hill giant
 19676 | D:10     | Killed a hill giant
 19676 | D:10     | Reached skill level 3 in Staves
 19676 | D:10     | Reached skill level 1 in Armour
 19676 | D:10     | Reached XP level 11. HP: 73/97 MP: 16/21
 19723 | D:10     | Killed a hill giant
 19723 | D:10     | Reached skill level 4 in Staves
 19995 | D:10     | Learned a level 4 spell: Passage of Golubria
 20048 | D:10     | Noticed a hill giant
 20060 | D:10     | Killed a hill giant
 20135 | D:10     | Noticed a hill giant
 20167 | D:10     | Killed a hill giant
 20167 | D:10     | Reached skill level 5 in Staves
 20794 | D:11     | Noticed a cyan ugly thing
 20813 | D:11     | Killed a cyan ugly thing
 20813 | D:11     | Reached skill level 6 in Staves
 20945 | D:11     | Got a twisted mace
 21043 | D:11     | Reached * piety under Kikubaaqudgha
 21043 | D:11     | Received a gift from Kikubaaqudgha
 21065 | D:11     | Identified Kikubaaqudgha's Incunabulum of Stolen Souls (Kikubaaqudgha gifted it to you on level 11 of the Dungeon)
 21158 | D:11     | Got a faintly glowing robe
 21159 | D:11     | Identified the cursed -5 robe of Misfortune {-Cast *Contam *Tele EV-4 Str-2 Int-2 Dex-2 Stlth-- *Curse} (You took it off a centaur on level 11 of the Dungeon)
 21235 | D:11     | Found a staircase to the Lair.
 21297 | D:11     | Reached skill level 7 in Staves
 21880 | D:11     | Noticed a manticore
 22192 | Lair:1   | Entered Level 1 of the Lair of Beasts
 22194 | Lair:1   | Noticed sikrin's ghost (journeyman HECj)
 22409 | Lair:1   | fucking hell
 22600 | Lair:1   | Killed sikrin's ghost
 22600 | Lair:1   | Reached skill level 8 in Staves
 22600 | Lair:1   | Reached skill level 5 in Armour
 22600 | Lair:1   | Reached XP level 12. HP: 90/104 MP: 22/22
 23143 | Lair:1   | Reached ** piety under Kikubaaqudgha
 23152 | Lair:1   | Learned a level 1 spell: Animate Skeleton
 23560 | Lair:1   | Reached skill level 1 in Necromancy
 24776 | Lair:2   | Reached *** piety under Kikubaaqudgha
 24776 | Lair:2   | Received a gift from Kikubaaqudgha
 24781 | Lair:2   | Identified Kikubaaqudgha's Guide on Necromancy (Kikubaaqudgha gifted it to you on level 2 of the Lair of Beasts)
 25875 | Lair:3   | Reached skill level 9 in Staves
 26262 | Lair:3   | Noticed a six-headed hydra
 26327 | Lair:3   | Noticed Urug
 26345 | Lair:3   | Killed Urug
 26944 | Lair:4   | Noticed an eight-headed hydra
 26954 | Lair:4   | Killed an eight-headed hydra
 27394 | Lair:4   | Reached skill level 10 in Staves
 27741 | Lair:4   | Reached **** piety under Kikubaaqudgha
 28312 | Lair:5   | Learned a level 5 spell: Agony
 28580 | Lair:5   | Reached XP level 13. HP: 110/111 MP: 20/23
 28620 | Lair:5   | Noticed Maud
 29698 | Lair:5   | Reached skill level 5 in Necromancy
 29706 | Lair:5   | Noticed Kirke
 29710 | Lair:5   | Killed Kirke
 29710 | Lair:5   | Reached skill level 11 in Staves
 30600 | Lair:4   | Killed Maud
 31009 | Lair:6   | Found a staircase to the Shoals.
 32306 | Lair:6   | Found a staircase to the Snake Pit.
 32963 | Lair:7   | Reached ***** piety under Kikubaaqudgha
 33706 | Lair:7   | Reached skill level 12 in Staves
 34082 | Lair:7   | Found a viscous altar of Jiyva.
 34083 | Lair:7   | Found a staircase to the Slime Pits.
 34696 | Lair:8   | Entered Level 8 of the Lair of Beasts
 36091 | Lair:7   | Reached XP level 14. HP: 103/118 MP: 24/24
 37576 | Lair:8   | Found a glowing silver altar of Zin.
 37600 | Lair:8   | Reached skill level 13 in Staves
 40917 | Lair:7   | Noticed an acid blob
 40961 | Lair:6   | Killed from afar by an acid blob

Skill      XL: |  1  2  3  4  5  6  7  8  9 10 11 12 13 14 |
---------------+-------------------------------------------+-----
Conjurations   | 1 2 3 4 6 7 |  7.7
Spellcasting   | 3 4 5 7 |  7.9
Fighting       | 5 9 |  9.0
Stealth        | 5 |  5.9
Staves         | 3 8 10 12 13 | 13.7
Armour         | 1 5 6 8 9 |  9.6
Necromancy     | 4 7 8 |  8.7
Dodging        | |  1.7
Summonings     | |  0.8
Translocations | |  0.8

Action                   |  1- 3 |  4- 6 |  7- 9 | 10-12 | 13-15 || total
-------------------------+-------+-------+-------+-------+-------++-------
Melee: Dagger            |    65 |     7 |   226 |   165 |       ||   463
       Hand axe          |       |    37 |    37 |       |       ||    74
       Scimitar          |       |       |       |   129 |       ||   129
       Lajatang          |       |       |       |   490 |   835 ||  1325
       Quarterstaff      |       |       |       |     4 |     3 ||     7
 Cast: Magic Dart        |   100 |   119 |   316 |   436 |   160 ||  1131
       Call Imp          |     5 |    12 |     8 |     7 |       ||    32
       Mephitic Cloud    |       |    11 |    37 |    74 |    76 ||   198
       Conjure Flame     |       |     3 |    29 |    53 |    38 ||   123
       Blink             |       |     1 |     3 |     5 |    11 ||    20
       Repel Missiles    |       |       |     3 |       |     1 ||     4
       Animate Skeleton  |       |       |       |    58 |    76 ||   134
       Agony             |       |       |       |       |    18 ||    18
       Slow              |       |       |       |       |     7 ||     7
Evoke: Wand              |       |       |     1 |     1 |     6 ||     8
       Deck              |       |       |       |       |     2 ||     2
  Use: Potion            |     1 |     1 |       |       |       ||     2
       Scroll            |       |     9 |     7 |     6 |    14 ||    36
 Stab: Confused          |       |       |    12 |    29 |    28 ||    69
       Sleeping          |       |       |       |     2 |       ||     2
       Distracted        |       |       |       |       |     6 ||     6
  Eat: Chunk             |     9 |    15 |    29 |    49 |    48 ||   150
       Meat ration       |       |       |     1 |       |       ||     1
       Beef jerky        |       |       |       |     1 |     1 ||     2
       Pizza             |       |       |       |     1 |     1 ||     2
Armor: Robe              |    42 |    10 |    50 |   120 |       ||   222
       Ring mail         |       |       |       |   139 |   353 ||   492
Dodge: Dodged            |    71 |    40 |   124 |   415 |   326 ||   976
       Deflected         |       |       |     4 |     3 |     2 ||     9
